 Dungeon Crawl Stone Soup version 0.25-b1-50-g7b83aa72e5 (webtiles) character file.

Game seed: 14341954253303999866

373 HungrySpirit the Chopper (level 6, -5/56 HPs)
             Began as a Minotaur Berserker on June 12, 2020.
             Was a Priest of Trog.
             Slain by a gnoll (6 damage)
             ... while paralysed
             ... on level 5 of the Dungeon.
             The game lasted 00:03:13 (4066 turns).

HungrySpirit the Chopper (Minotaur Berserker)       Turns: 4066, Time: 00:03:14

Health: -5/56      AC:  6    Str: 24    XL:     6   Next: 43%
Magic:  5/5        EV:  2    Int:  4    God:    Trog [***...]
Gold:   183        SH:  0    Dex:  9    Spells: 5/5 levels left

rFire    . . .     SeeInvis .   a - +0 hand axe
rCold    . . .     Gourm    .   (no shield)
rNeg     . . .     Faith    .   m - +0 ring mail
rPois    .         Spirit   .   (helmet restricted)
rElec    .         Reflect  .   (no cloak)
rCorr    .         Harm     .   (no gloves)
MR       .....                  (no boots)
Stlth    ..........             (no amulet)
HPRegen  0.18/turn              (no ring)
MPRegen  0.09/turn              (no ring)

@: paralysed, berserk cooldown, slowed
A: retaliatory headbutt, horns 2
a: Berserk, Trog's Hand, Renounce Religion


You were on level 5 of the Dungeon.
You worshipped Trog.
Trog was most pleased with you.
You were near starving.

You visited 1 branch of the dungeon, and saw 5 of its levels.

You collected 183 gold pieces.

Inventory:

Hand Weapons
 a - a +0 hand axe (weapon)
Armour
 m - a +0 ring mail (worn)
Jewellery
 v - an uncursed ring of fire
Wands
 p - a wand of digging (4)
 q - a wand of iceblast (4)
Scrolls
 k - 5 scrolls of identify {unknown}
 r - a scroll of blinking {unknown}
 s - 2 scrolls of remove curse {unknown}
 u - a scroll of random uselessness {unknown}
Potions
 b - 4 potions of heal wounds {unknown}
 d - 2 potions of might {unknown}
 e - a potion of stabbing {unknown}
 f - 2 potions of cancellation {unknown}
 g - 2 potions of invisibility {unknown}
 h - a potion of ambrosia {unknown}
 i - a potion of brilliance {unknown}
 j - a potion of curing {unknown}
 l - 2 potions of degeneration {unknown}
 o - a potion of resistance {unknown}
 t - a potion of magic {unknown}
Comestibles
 c - 11 rations


   Skills:
 + Level 5.4 Fighting
 * Level 6.7 Axes
 + Level 4.5 Armour
 - Level 2.1 Dodging


You had 5 spell levels left.
You didn't know any spells.
Your spell library was empty.

Dungeon Overview and Level Annotations

Branches:
Dungeon (5/15)             Temple (0/1) D:4

Altars:
Vehumet


Innate Abilities, Weirdness & Mutations

You reflexively headbutt those who attack you in melee.
You have a pair of horns on your head.


Message History

You hit the quokka but do no damage. You slash the adder zombie!
You are no longer berserk.
You pass out from exhaustion.
You feel yourself slow down.
The quokka twitches its whiskers.
The quokka bites you.
* * * LOW HITPOINT WARNING * * *
The adder zombie bites you.
* * * LOW HITPOINT WARNING * * *
The quokka bites you.
* * * LOW HITPOINT WARNING * * *
The orc hits you but does no damage. The adder zombie bites you.
* * * LOW HITPOINT WARNING * * *
The quokka bites you but does no damage.
The orc hits you but does no damage.
The gnoll hits you from afar with a +2 halberd of protection!
* * * LOW HITPOINT WARNING * * *
The gnoll hits you.
You die...

#.....# #. ######
#.....# .......
#.....##.....# #.#.....
.......#.....##..#.....
....(..................
...............#.......
.......................
......>..#....#.og#.....
...........#../.@Zg.....
#.........##....#r....$.
.........###............
.........# ###..#####...
.........# #.## #.
.........# #[#
..>......# #..
#:......## ### ##.....##


You could see 2 gnolls, an orc, an adder zombie and a quokka.

Vanquished Creatures
  An ogre (D:5)
  A crimson imp (D:5)
  A jelly (D:5)
  Jessica (D:3)
  Ijyb (D:3)
  5 gnolls
  4 adders (D:3)
  An ooze (D:2)
  2 worms (D:3)
  2 dart slugs
  2 leopard geckos
  7 orcs
  5 bats
  6 giant cockroaches
  4 goblins
  6 hobgoblins
  5 jackals (D:1)
  3 quokkas
  3 frilled lizards
  9 kobolds
  12 rats
81 creatures vanquished.

Notes
Turn   | Place    | Note
-------+----------+-------------------------------------------
     0 | D:1      | HungrySpirit the Minotaur Berserker began the quest for the
                  | Orb.
     0 | D:1      | Reached XP level 1. HP: 19/19 MP: 0/0
     3 | D:1      | Noticed an electric eel
     3 | D:1      | Noticed an electric eel
    96 | D:1      | Reached skill level 4 in Axes
    98 | D:1      | Reached XP level 2. HP: 21/27 MP: 1/1
   435 | D:1      | Reached ** piety under Trog
   611 | D:1      | Reached XP level 3. HP: 31/33 MP: 2/2
  1896 | D:3      | Noticed Ijyb
  1900 | D:3      | Killed Ijyb
  1900 | D:3      | Reached skill level 5 in Axes
  1900 | D:3      | Reached XP level 4. HP: 41/41 MP: 3/3
  1982 | D:3      | Noticed Jessica
  1989 | D:3      | Killed Jessica
  1989 | D:3      | Reached XP level 5. HP: 45/47 MP: 4/4
  2271 | D:3      | Reached *** piety under Trog
  3767 | D:4      | Found a staircase to the Ecumenical Temple.
  4010 | D:5      | Entered Level 5 of the Dungeon
  4013 | D:5      | Reached skill level 6 in Axes
  4024 | D:5      | Reached skill level 5 in Fighting
  4048 | D:5      | Found a radiant altar of Vehumet.
  4052 | D:5      | Reached XP level 6. HP: 53/56 MP: 5/5
  4066 | D:5      | HP: 1/56 [gnoll/+2 halberd of protection (8)]
  4066 | D:5      | Slain by a gnoll

Illustrated notes

Levels and vault maps discovered:
D:1:      arrival_aquarium_b, layout_rooms
D:2:      layout_basic, serial_co_window_serial, co_window_paths_b,
          co_window_cross_1, co_window_corner_a, co_window_corner_a,
          co_window_paths_a, co_window_paths_a, co_window_paths_c,
          co_window_broadway_b, co_window_2corner, co_window_broadway_c,
          co_window_broadway_a, co_window_corner_b, co_window_cross_3,
          glass_columns_a, glass_columns_b, glass_columns_a, glass_columns_a,
          glass_columns_a, first_ration
D:3:      layout_loops_cross, lemuel_statue_altar, uniq_ijyb, uniq_jessica
D:4:      layout_basic, minmay_temple_entry_glassed_door, serial_bayou_pond_d
D:5:      layout_rooms, vehumet_altar_wand_db, basic_altar, serial_shops,
          nicolae_shop_temple_entry_statues_fountains, fedhas_altar_1

Skill      XL: |  1  2  3  4  5 |
---------------+----------------+-----
Axes           | 4 5 6 |  6.7
Fighting       | 4 5 |  5.4
Armour         | 3 4 |  4.5
Dodging        | |  2.1

Action                   |  1- 3 |  4- 6 || total
-------------------------+-------+-------++-------
Melee: Hand axe          |    96 |    94 ||   190
       Headbutt          |    11 |    10 ||    21
Invok: Berserk           |     1 |     2 ||     3
  Eat: Chunk             |     4 |     7 ||    11
Armor: Leather armour    |    14 |       ||    14
       Ring mail         |    10 |    28 ||    38
Dodge: Dodged            |    57 |    43 ||   100
